 Dungeon Crawl Stone Soup version 0.30-a0-738-g116ff8c4af (webtiles) character file.

Game seed: 17366155450583889291

398782 ryw the Slayer (level 23, -38/236 HPs)
             Began as a Hill Orc Berserker on Feb 2, 2023.
             Was the Champion of Trog.
             Killed from afar by an ancient lich (90 damage)
             ... with a crystal spear
             ... on level 4 of the Vaults on Feb 3, 2023.
             The game lasted 01:52:28 (48745 turns).

ryw the Slayer (Hill Orc Berserker)                Turns: 48745, Time: 01:52:29

Health: -38/236    AC: 38    Str: 38    XL:     23   Next: 25%
Magic:  23/23      EV: 10    Int:  7    God:    Trog [******]
Gold:   2835       SH: 13    Dex: 10    Spells: 22/22 levels left

rFire   . . .      SeeInvis .    F - +3 broad axe of Goupydos {heavy, rElec Str+4}
rCold   . . .      Faith    .    V - +1 kite shield {reflect}
rNeg    + + .      Spirit   .    c - +9 plate armour of Muttered Phrases {rPois Str+3}
rPois   +          Reflect  +    W - +2 helmet
rElec   +          Harm     .    a - scarf {shadows}
rCorr   .          Rampage  +    D - +2 pair of gloves
Will    ++...                    H - +2 pair of boots {rampage} Stlth
                                 G - amulet of Bawomor {rElec rN++ Regen+}
HPRegen 1.39/turn                B - ring of willpower
MPRegen 0.18/turn                P - +4 ring of slaying

@: corroded, studying 2 skills
A: no striking features
}: 2/15 runes: barnacled, gossamer
a: Renounce Religion, Berserk, Trog's Hand, Brothers in Arms


You were on level 4 of the Vaults.
You worshipped Trog.
Trog was exalted by your worship.
You visited 8 branches of the dungeon, and saw 39 of its levels.
You visited the Abyss 1 time.
You also visited: Ice Cave.

You collected 5330 gold pieces.
You spent 2495 gold pieces at shops.

Inventory:

Hand Weapons
 i - a +2 executioner's axe of flaming
 F - the +3 broad axe of Goupydos (weapon) {heavy, rElec Str+4}
   (Trog gifted it to you on level 3 of the Vaults)

   Str:       It affects your strength (+4).
   rElec:     It insulates you from electricity.
 K - the +3 broad axe "Emanac" {heavy, rN++ Str-4}
   (You found it on level 3 of the Vaults)

   Str:       It affects your strength (-4).
   rN:        It greatly protects you from negative energy.
 L - a +3 antimagic broad axe
 O - a +9 broad axe of flaming
Missiles
 s - 9 javelins
 Q - 10 silver javelins (quivered)
Armour
 a - a scarf of shadows (worn)
 c - the +9 plate armour of Muttered Phrases (worn) {rPois Str+3}
   (You bought it in a shop on level 1 of the Shoals)

   Str:       It affects your strength (+3).
   rPois:     It protects you from poison.
 D - a +2 pair of gloves (worn)
 H - a +2 pair of boots of rampaging (worn)
 V - a +1 kite shield of reflection (worn)
 W - a +2 helmet (worn)
 Z - +0 gold dragon scales
Jewellery
 k - a ring of willpower
 B - a ring of willpower (left hand)
 G - the amulet of Bawomor (around neck) {rElec rN++ Regen+}
   (You found it on level 8 of the Dungeon)

   [amulet of regeneration]

   rElec:     It insulates you from electricity.
   rN:        It greatly protects you from negative energy.
   Regen:     It increases your rate of health regeneration.
 M - the amulet of the Camelopard {RegenMP Harm Regen+ Stlth-}
   (You took it off a deep elf knight on level 3 of the Elven Halls)

   [amulet of magic regeneration]

   It increases your rate of magic regeneration.
   Regen:     It increases your rate of health regeneration.
   Harm:      It increases damage dealt and taken.
   Stlth:     It makes you less stealthy.
 P - a +4 ring of slaying (right hand)
 T - a ring of see invisible
 U - the ring "Nutoshruo" {Ice Str+3}
   (You took it off a merfolk siren on level 4 of the Shoals)

   [ring of ice]

   It enhances your ice magic.
   Str:       It affects your strength (+3).
   rF:        It makes you vulnerable to fire.
   rC:        It protects you from cold.
Wands
 e - a wand of digging (12)
 l - a wand of iceblast (34)
 r - a wand of polymorph (9)
 t - a wand of acid (2)
 z - a wand of paralysis (18)
 X - a wand of mindburst (7)
Scrolls
 f - 5 scrolls of fog
 g - 9 scrolls of blinking
 j - 7 scrolls of teleportation
 q - 4 scrolls of magic mapping
 u - a scroll of butterflies
 x - 9 scrolls of fear
 y - 2 scrolls of silence
 R - 33 scrolls of identify
Potions
 b - 2 potions of heal wounds
 d - 9 potions of haste
 h - 4 potions of flight
 m - 11 potions of curing
 n - 5 potions of cancellation
 o - 6 potions of might
 p - 2 potions of resistance
 v - 9 potions of lignification
 C - a potion of invisibility
 E - 3 potions of mutation
 I - 9 potions of ambrosia
 J - 6 potions of attraction
 N - 2 potions of berserk rage
Miscellaneous
 w - a piece from Xom's chessboard (15/15)
 A - a phial of floods
 S - a phantom mirror


   Skills:
 - Level 26.0 Fighting
 * Level 23.9 Axes
 - Level 8.0 Throwing
 + Level 24.3 Armour
 - Level 5.0 Dodging
 - Level 15.0 Shields
 - Level 10.0 Evocations


You had 22 spell levels left.
You didn't know any spells.
Your spell library was empty.

Dungeon Overview and Level Annotations

Branches:
Dungeon (15/15)            Temple (0/1) D:6            Lair (5/5) D:8
 Shoals (4/4) Lair:2       Spider (4/4) Lair:3        Slime (0/5) Lair:4
    Orc (2/2) D:12            Elf (3/3) Orc:2        Vaults (5/5) D:14
 Depths (1/4) D:15          IceCv (visited)
  Crypt: Vaults:2-3

Altars:
Ashenzari
Cheibriados
Elyvilon
Fedhas
Sif Muna
Uskayaw
The Shining One
Beogh

Shops:
D:6 *   D:7 [   D:9 (   D:11 *   D:12 ?   Orc:2 =:[?   Elf:2 [   Elf:3 (
Shoals:1 [   Shoals:2 **=   Shoals:3 !   Vaults:1 *   Vaults:2 ?   Vaults:3 *

Portals:
Trove: D:14 (give +5 fire dragon scales)

Annotations:
Shoals:1 6 transporters
Vaults:2 2 transporters, exclusion: orange crystal statue


Message History

The shadow dragon barely misses you. You block the shadow dragon's attack.
The titan hits you!
The yaktaur looks as sick as possible!
You hear a deafening roar!
You climb upwards.
There is a stone staircase leading down, spattered with blood here.
You are too injured to fight recklessly!
You are too injured to fight recklessly!
You are too injured to fight recklessly!
You are too injured to fight recklessly!
You slice the ancient lich!!
The ancient lich is moderately damaged.
You slice the shadow dragon!!
You slice the yaktaur captain like a ripe choko!!!
You kill the yaktaur captain!
Trog accepts your kill.
You miss the deep elf high priest. You slash the titan!
The deep elf high priest mumbles some strange prayers to its god.
The deep elf high priest begins emitting a brilliant aura!
The titan is empowered by the deep elf high priest's aura!
The ancient lich is empowered by the deep elf high priest's aura!
The shadow dragon closely misses you. You block the shadow dragon's attack.
The shadow dragon claws you but does no damage.
The titan hits you!!
The ancient lich points at you and mumbles some strange words.
The bolt of acid hits you!!
* * * LOW HITPOINT WARNING * * *
The acid corrodes you!
You slash the ancient lich!
The ancient lich is heavily damaged.
You cut the shadow dragon into ribbons!!!
You cut the deep elf high priest into ribbons!!!
You kill the deep elf high priest!
Trog accepts your kill.
You slash the titan!
You kill the titan!
Trog accepts your kill.
Trog appreciates your killing of a magic user.
The ancient lich points at you and mumbles some strange words.
The crystal spear hits you!!!!
You die...

#.....#).# #..#..#(#..#
###.....#..####..#..###..#
........#..'..'..#.......#
........#..'..'..#.......#
........#######'####'#####
........# #...........#
........# #...........#
######''## #...)=D.....#
####.....# #...[@).....#
..###....# #...[L[.....#
....##...# #...........#
##...#...#
######'#########
##...#...# #.###.....#
##...#...# #..####..##
######...# #..#.#'###
.####...## #.#'....###
.......## #.##...##.#


You could see a shadow dragon and an ancient lich (empowered).

Vanquished Creatures
  A dread lich (Vaults:5)
  Margery (Vaults:4)
  Frederick (Vaults:3)
  3 golden dragons
  A tentacled monstrosity (Vaults:5)
  Mlioglotl (Spider:3)
  Asterion (Spider:3)
  3 deep elf blademasters
  2 deep elf master archers (Elf:3)
  5 titans
  2 sphinxes
  Kirke (Shoals:2)
  Roxanne (Elf:2)
  Donald (Vaults:1)
  2 tengu reavers
  4 storm dragons (Vaults:5)
  7 deep elf sorcerers
  19 vault wardens
  3 fire giants
  3 frost giants
  8 emperor scorpions
  An iron dragon (Vaults:4)
  4 ghost moths
  Aizul (Lair:2)
  5 very ugly things
  An orc warlord (Vaults:3)
  4 stone giants
  4 broodmothers
  2 war gargoyles
  A quicksilver ooze (shapeshifter) (Vaults:4)
  23 ironbound preservers
  2 vampire knights (Vaults:4)
  6 ironbound thunderhulks
  3 deep elf demonologists (Elf:3)
  14 deep elf annihilators
  A white draconian (IceCv)
  4 dire elephants
  5 spark wasps
  A fire dragon (Depths:1)
  3 entropy weavers
  5 merfolk javelineers
  10 merfolk impalers
  5 ettins
  Snorg (Orc:2)
  5 deep elf high priests
  3 crystal guardians
  7 deep elf death magi
  Josephine (D:12)
  28 vault guards
  12 yaktaur captains
  9 great orbs of eyes
  7 ice dragons
  A hydra (Lair:5)
  3 peacekeepers
  An ogre mage (Vaults:5)
  9 centaur warriors
  15 ironbound frosthearts
  2 alligator snapping turtles
  3 radroaches
  A catoblepas (Lair:4)
  2 jorogumos
  An anaconda (shapeshifter) (Vaults:4)
  A merfolk aquamancer (Shoals:4)
  A merfolk avatar (Shoals:1)
  A satyr (Shoals:4)
  3 death knights
  30 dancing weapons
  3 deep troll earth magi
  A tengu warrior (D:14)
  5 death yaks
  8 boulder beetles
  8 two-headed ogres
  4 orc high priests (Orc:2)
  2 hell knights (Vaults:4)
  19 deep elf knights
  6 pharaoh ants
  5 skeletal warriors
  A sun moth (Spider:4)
  13 sea snakes
  2 glowing orange brains
  55 deep trolls
  12 deep elf archers
  A glowing orange brain (shapeshifter) (Vaults:4)
  13 orb spiders
  A kraken simulacrum (Shoals:4)
  16 ironbound convokers
  18 harpies
  30 deep elf zephyrmancers
  5 wizards
  25 deep elf pyromancers
  7 necromancers
  6 phantasmal warriors
  9 lindwurms
  28 ugly things
  14 orc knights
  A manticore (shapeshifter) (Vaults:4)
  2 steelbarb worms
  3 orc sorcerers
  25 wolf spiders
  6 cyclopes
  7 manticores
  8 fauns
  Joseph (D:9)
  7 merfolk sirens
  A guardian serpent (Lair:5)
  6 black mambas
  A guardian serpent (shapeshifter) (Vaults:5)
  A water nymph (shapeshifter) (Elf:1)
  An eye of devastation (shapeshifter) (Vaults:3)
  2 water nymphs
  14 vault sentinels
  13 cane toads
  11 torpor snails
  An orange demon (D:9)
  7 demonic crawlers
  3 gargoyles
  Psyche (D:11)
  An efreet (D:14)
  2 komodo dragons
  13 rime drakes
  40 yaktaurs
  5 freezing wraiths
  A red devil (D:9)
  2 hellwings (D:9)
  2 trolls
  24 merfolk
  A troll (shapeshifter) (Vaults:4)
  A polar bear (shapeshifter) (Vaults:5)
  9 polar bears (IceCv)
  24 hornets
  6 wind drakes
  26 tarantellas
  3 tyrant leeches (Lair:5)
  4 dream sheep (Lair:5)
  3 blink frogs
  6 snapping turtles
  25 culicivoras
  19 jumping spiders
  A yak (shapeshifter) (D:13)
  5 air elementals
  A shadow (D:9)
  17 slime creatures
  48 yaks
  8 wyverns
  3 basilisks
  4 hogs (Shoals:2)
  9 wraiths
  4 fire elementals
  5 water elementals
  2 steam dragons
  A hog (shapeshifter) (Elf:1)
  68 redbacks
  4 wargs
  3 vampire mosquitoes (D:14)
  4 acid dragons
  20 water moccasins
  6 ice beasts
  39 orc warriors
  4 ogres
  6 centaurs
  12 wolves
  A phantom (D:4)
  3 kobold brigands
  10 bullfrogs
  A gnoll sergeant (D:10)
  3 earth elementals
  2 necrophages (D:5)
  8 scorpions
  12 wights
  11 killer bees (D:9)
  3 electric eels
  11 howler monkeys
  2 hounds
  2 quasits (D:9)
  3 jellies
  28 orc priests
  Jessica (D:2)
  4 iguanas
  24 orc wizards
  4 hell rats (Lair:5)
  3 adders
  12 gnolls
  2 shadow imps
  A white imp (D:6)
  3 ufetubi
  A worm (D:2)
  2 dart slugs
  67 orcs
  9 endoplasms
  4 goblins
  8 hobgoblins
  4 quokkas
  9 ball pythons
  3 bats
  5 frilled lizards
  26 kobolds
  6 rats
  A butterfly (Lair:5)
  A tentacle (Shoals:4)
1552 creatures vanquished.

Vanquished Creatures (collateral kills)
  Agnes (D:14)
  2 frost giants
  A vault warden (Vaults:3)
  A vault guard (Vaults:5)
  An orc high priest (Orc:2)
  An orange crystal statue (IceCv)
  A phantasmal warrior (Vaults:5)
  A wolf spider (Spider:4)
  An ugly thing (IceCv)
  A snapping turtle (shapeshifter) (Vaults:5)
  A slime creature (shapeshifter) (Vaults:5)
  2 orc warriors (Orc:2)
  An orc priest (Orc:2)
15 creatures vanquished.

Vanquished Creatures (others)
  2 deep elf knights
  A deep elf archer (Elf:1)
  A harpy (Shoals:2)
  A deep elf zephyrmancer (Elf:1)
  A deep elf pyromancer (Elf:1)
  A butterfly (D:15)
  4 demonic plants (D:9)
  26 fungi
  92 plants
  3 tentacles (Shoals:4)
132 creatures vanquished.

Grand Total: 1699 creatures vanquished

Notes
Turn   | Place    | Note
-------+----------+-------------------------------------------
     0 | D:1      | ryw the Hill Orc Berserker began the quest for the Orb.
     0 | D:1      | Reached XP level 1. HP: 19/19 MP: 1/1
    97 | D:1      | Reached XP level 2. HP: 27/27 MP: 2/2
   427 | D:1      | Reached XP level 3. HP: 26/33 MP: 1/3
   744 | D:1      | Found a faded altar of an unknown god.
  1006 | D:2      | Noticed Jessica
  1010 | D:2      | Killed Jessica
  1011 | D:2      | Reached skill level 4 in Fighting
  1011 | D:2      | Reached skill level 5 in Axes
  1054 | D:2      | Reached ** piety under Trog
  1055 | D:2      | Reached XP level 4. HP: 35/40 MP: 4/4
  1728 | D:3      | Noticed a scorpion
  1737 | D:3      | Killed a scorpion
  1738 | D:3      | Reached XP level 5. HP: 45/47 MP: 5/5
  2354 | D:4      | Reached XP level 6. HP: 47/53 MP: 6/6
  2526 | D:4      | Reached *** piety under Trog
  2783 | D:4      | Reached skill level 5 in Fighting
  2811 | D:4      | Found a glowing golden altar of the Shining One.
  2974 | D:4      | Identified the +1 robe "Vusiur" {Fly Slay+3}
  3108 | D:4      | Reached XP level 7. HP: 61/61 MP: 7/7
  3339 | D:5      | Entered Level 5 of the Dungeon
  3543 | D:5      | Reached skill level 6 in Fighting
  3657 | D:5      | Found a snail-covered altar of Cheibriados.
  3717 | D:5      | Reached XP level 8. HP: 71/71 MP: 8/8
  4418 | D:6      | Noticed a wraith
  4457 | D:6      | Killed a wraith
  4538 | D:6      | Found a staircase to the Ecumenical Temple.
  4605 | D:6      | Found a shimmering blue altar of Sif Muna.
  4644 | D:6      | Reached skill level 7 in Fighting
  4644 | D:6      | Reached skill level 10 in Axes
  5067 | D:6      | Reached **** piety under Trog
  5327 | D:6      | Found Voussun's Assorted Antiques.
  5548 | D:6      | Reached skill level 8 in Fighting
  5548 | D:6      | Reached XP level 9. HP: 70/81 MP: 9/9
  5868 | D:7      | Found Toikuenosch's Antique Armour Shop.
  5881 | D:7      | Bought a faintly humming ring mail for 144 gold pieces
  5881 | D:7      | Identified the +2 ring mail of Gravitas {Str+4} (You bought
                  | it in a shop on level 7 of the Dungeon)
  6229 | D:7      | Found a broken altar of Ashenzari.
  6783 | D:7      | Reached skill level 9 in Fighting
  7181 | D:8      | Identified the +2 leather armour of Wisdom {Slay+6 Stlth-}
  7319 | D:8      | Noticed a rime drake
  7328 | D:8      | Noticed a two-headed ogre
  7548 | D:8      | Reached XP level 10. HP: 85/93 MP: 8/10
  7569 | D:8      | Reached skill level 10 in Fighting
  7576 | D:8      | Identified the amulet of Bawomor {rElec rN++ Regen+}
  7642 | D:8      | Found a staircase to the Lair.
  7690 | D:8      | Reached ***** piety under Trog
  7787 | D:8      | Killed a two-headed ogre
  7788 | D:8      | Reached skill level 15 in Axes
  8055 | D:9      | Noticed an orange demon
  8073 | D:9      | Killed an orange demon
  8143 | D:9      | Reached skill level 11 in Fighting
  8292 | D:9      | Reached skill level 12 in Fighting
  8336 | D:9      | Reached XP level 11. HP: 104/105 MP: 11/11
  8409 | D:9      | Found Axaam's Antique Weapon Emporium.
  8497 | D:9      | Noticed Joseph
  8507 | D:9      | Killed Joseph
  8508 | D:9      | Reached skill level 13 in Fighting
  9200 | D:6      | Bought a shiny buckler for 150 gold pieces
  9200 | D:6      | Bought a scroll of teleportation for 60 gold pieces
  9200 | D:6      | Bought a metallic yellow potion for 18 gold pieces
  9200 | D:6      | Bought a pink potion for 18 gold pieces
  9282 | Lair:1   | Entered Level 1 of the Lair of Beasts
  9298 | Lair:1   | Reached skill level 1 in Throwing
  9298 | Lair:1   | Reached skill level 1 in Shields
  9465 | Lair:1   | Reached skill level 14 in Fighting
  9559 | Lair:1   | Identified the +6 scale mail of the True Pharaoh {+Blink
                  | rC+ Str+4}
 10600 | Lair:2   | Found a staircase to the Shoals.
 10982 | Lair:3   | Reached skill level 1 in Evocations
 10982 | Lair:3   | Reached XP level 12. HP: 84/118 MP: 12/12
 11017 | Lair:3   | Noticed a death yak
 11017 | Lair:3   | Noticed a death yak
 11018 | Lair:3   | Noticed a death yak
 11152 | Lair:2   | Reached skill level 5 in Shields
 11458 | Lair:3   | Reached skill level 15 in Fighting
 11769 | Lair:3   | Reached skill level 5 in Throwing
 11804 | Lair:3   | Found a hole to the Spider Nest.
 11920 | Lair:3   | Noticed a death yak
 11961 | Lair:2   | Killed a death yak
 11996 | Lair:3   | Noticed a death yak
 12033 | Lair:2   | Killed a death yak
 12648 | Lair:4   | Noticed a catoblepas
 12690 | Lair:4   | Killed a catoblepas
 13004 | Lair:4   | Found a staircase to the Slime Pits.
 13059 | Lair:4   | Reached skill level 5 in Evocations
 13475 | Lair:5   | Entered Level 5 of the Lair of Beasts
 13531 | Lair:5   | Noticed an eight-headed hydra
 13834 | Lair:5   | Reached skill level 16 in Fighting
 13840 | Lair:5   | Received a gift from Trog
 13892 | Lair:5   | Noticed a boulder beetle
 13909 | Lair:5   | Killed a boulder beetle
 13910 | Lair:5   | Reached XP level 13. HP: 130/130 MP: 13/13
 14246 | Lair:5   | Reached skill level 17 in Fighting
 14597 | Lair:5   | Found a runed translucent door.
 14597 | Lair:5   | Noticed an ice dragon
 14665 | Lair:5   | Paralysed by a hornet for 3 turns
 14850 | Lair:5   | Reached skill level 18 in Fighting
 15334 | Lair:5   | Paralysed by a hornet for 1 turns
 15341 | Lair:5   | Reached skill level 19 in Fighting
 15550 | Lair:5   | Received a gift from Trog
 15982 | Lair:5   | Killed an ice dragon
 16144 | Lair:2   | Reached XP level 14. HP: 136/147 MP: 14/14
 16257 | D:10     | Entered Level 10 of the Dungeon
 16334 | D:10     | Reached skill level 20 in Fighting
 16943 | D:11     | Found Femuz's General Store.
 17098 | D:11     | Noticed Psyche
 17103 | D:11     | Killed Psyche
 17104 | D:11     | Reached skill level 5 in Armour
 17661 | D:12     | Noticed Josephine
 17673 | D:12     | Killed Josephine
 17832 | D:12     | Found a staircase to the Orcish Mines.
 17871 | D:12     | Found Xoikoxu's Magic Scroll Emporium.
 17879 | D:12     | Bought a scroll of teleportation for 48 gold pieces
 17879 | D:12     | Bought a scroll of blinking for 120 gold pieces
 18554 | Orc:1    | Entered Level 1 of the Orcish Mines
 19208 | Orc:2    | Entered Level 2 of the Orcish Mines
 19287 | Orc:2    | Found a staircase to the Elven Halls.
 19324 | Orc:2    | Found a roughly hewn altar of Beogh.
 19450 | Orc:2    | Noticed Snorg
 19465 | Orc:2    | Killed Snorg
 19493 | Orc:2    | Received a gift from Trog
 19546 | Orc:2    | Reached skill level 21 in Fighting
 20004 | Orc:2    | Reached skill level 10 in Armour
 20035 | Orc:1    | Reached XP level 15. HP: 97/158 MP: 15/15
 20294 | Orc:2    | Found Aca Uzuo's Book Shop.
 20297 | Orc:2    | Found Baimadgha's Armour Boutique.
 20298 | Orc:2    | Found Luisorph's Jewellery Shop.
 20299 | Orc:2    | Found Ahybbumi's Magic Scroll Shop.
 21241 | D:14     | Found a gate to the Vaults.
 21548 | D:14     | Noticed Agnes
 22175 | D:14     | Found a portal to a secret trove of treasure.
 22239 | Abyss:2  | Cast into level 2 of the Abyss (Agnes)
 22254 | D:14     | Escaped the Abyss
 22274 | D:14     | Found a hide-covered altar of Uskayaw.
 22577 | D:14     | Killed Agnes
 22620 | D:14     | Found a blossoming altar of Fedhas.
 22653 | D:15     | Entered Level 15 of the Dungeon
 22737 | D:15     | Found a staircase to the Depths.
 23018 | D:15     | Found a white marble altar of Elyvilon.
 23147 | D:15     | Reached skill level 22 in Fighting
 23165 | D:15     | Found the +8 longbow "Zephyr" {speed, Dex+3 SInv}
 23203 | D:15     | Found a shimmering blue altar of Sif Muna.
 23792 | Shoals:1 | Entered Level 1 of the Shoals
 23792 | Shoals:1 | Noticed Aizul
 23792 | Shoals:1 | Found Utonkept's Armour Shop.
 23808 | Lair:2   | Killed Aizul
 23932 | Shoals:1 | Bought the +9 plate armour of Muttered Phrases {rPois
                  | Str+3} for 1539 gold pieces
 24187 | Shoals:1 | Received a gift from Trog
 24430 | Shoals:1 | Reached XP level 16. HP: 111/169 MP: 5/16
 24608 | Shoals:1 | Found a transporter.
 24614 | Shoals:1 | Found a transporter.
 24693 | Shoals:1 | Found a transporter.
 24694 | Shoals:1 | Found a transporter.
 24723 | Shoals:1 | Found a transporter.
 24781 | Shoals:1 | Found a transporter.
 24929 | Shoals:2 | Found Rihuih's General Store.
 24929 | Shoals:2 | Found Zeuvvora's Specific Store.
 24933 | Shoals:2 | Bought a potion of haste for 140 gold pieces
 25037 | Shoals:2 | Found Muoth's Jewellery Shop.
 25483 | Shoals:2 | Found a frozen archway.
 25491 | IceCv    | Entered an ice cave
 25914 | IceCv    | Received a gift from Trog
 26425 | Shoals:2 | Upgraded the game from 0.30-a0-737-gf23d94013f to
                  | 0.30-a0-738-g116ff8c4af
 26515 | Shoals:2 | Reached skill level 5 in Dodging
 26568 | Shoals:2 | Reached skill level 15 in Armour
 26649 | Shoals:3 | Noticed Kirke
 26761 | Shoals:2 | Killed Kirke
 27452 | Shoals:3 | Found Otiubox's Distillery.
 27468 | Shoals:3 | Bought a potion of might for 72 gold pieces
 27811 | Shoals:4 | Entered Level 4 of the Shoals
 27817 | Shoals:4 | Reached XP level 17. HP: 178/178 MP: 5/17
 28208 | Shoals:3 | Reached skill level 23 in Fighting
 28563 | Shoals:4 | Identified the ring "Nutoshruo" {Ice Str+3}
 28996 | Shoals:4 | Got a barnacled rune of Zot
 29540 | Spider:1 | Entered Level 1 of the Spider Nest
 31044 | Spider:2 | Received a gift from Trog
 31074 | Spider:2 | Reached ****** piety under Trog
 32121 | Spider:2 | Reached XP level 18. HP: 186/190 MP: 6/18
 33394 | Spider:3 | Noticed Asterion
 33419 | Spider:3 | Killed Asterion
 33770 | Spider:3 | Noticed Mlioglotl
 33791 | Spider:3 | Killed Mlioglotl
 34500 | Spider:4 | Entered Level 4 of the Spider Nest
 34621 | Spider:4 | Identified the ring "Vuymeg" {Ice rElec Str-2 Dex+2}
 34633 | Spider:4 | Reached skill level 24 in Fighting
 35336 | Spider:4 | Received a gift from Trog
 36060 | Spider:4 | Got a gossamer rune of Zot
 36415 | Elf:1    | Entered Level 1 of the Elven Halls
 36552 | Elf:1    | Reached XP level 19. HP: 187/199 MP: 6/19
 36555 | Elf:1    | Received a gift from Trog
 37270 | Elf:1    | Received a gift from Trog
 37442 | Elf:2    | Paralysed by an air elemental for 1 turns
 37494 | Elf:2    | Identified Roxanne's Collected Works on Shaping
 37494 | Elf:2    | Noticed Roxanne
 37516 | Elf:2    | Reached skill level 10 in Shields
 37537 | Elf:2    | Killed Roxanne
 37642 | Elf:2    | Found Wadios's Armour Emporium.
 37812 | Elf:2    | Paralysed by an air elemental for 1 turns
 37988 | Elf:2    | Received a gift from Trog
 37995 | Elf:2    | Found a runed translucent gate.
 37996 | Elf:2    | Found a runed translucent gate.
 37996 | Elf:2    | Found a runed translucent gate.
 38962 | Elf:3    | Entered Level 3 of the Elven Halls
 38980 | Elf:3    | Found Uriug's Weapon Boutique.
 39331 | Elf:3    | Received a gift from Trog
 39425 | Elf:3    | Reached XP level 20. HP: 53/209 MP: 6/20
 39797 | Elf:3    | Paralysed by an air elemental for 1 turns
 39853 | Elf:3    | Identified the +2 great sword of the Modern Nightcaps
                  | {protect, +Blink MP+9 Int+3}
 39879 | Elf:3    | Reached skill level 25 in Fighting
 39945 | Elf:3    | Identified the +7 chain mail "Ziovve" {rPois Int+3}
 39998 | Elf:3    | Identified the +4 battleaxe of Bihahae {freeze, rF+ Str+5
                  | Int-5 SInv}
 40006 | Elf:3    | Identified the amulet of the Camelopard {RegenMP Harm
                  | Regen+ Stlth-}
 40735 | Elf:3    | Identified the +4 arbalest "Dragonslayer" {drain, MP+9}
 41053 | Depths:1 | Entered Level 1 of the Depths
 41113 | Vaults:1 | Entered Level 1 of the Vaults
 41126 | Vaults:1 | Received a gift from Trog
 41192 | Vaults:1 | Noticed Donald
 41407 | Vaults:1 | Killed Donald
 42142 | Vaults:1 | Found Esaklelo's General Store.
 42297 | Vaults:1 | Received a gift from Trog
 43277 | Vaults:2 | Reached XP level 21. HP: 211/218 MP: 7/21
 43364 | Vaults:2 | Identified a scroll of acquirement
 43428 | Vaults:2 | Acquired a manual of Ranged Weapons
 43466 | Vaults:2 | Found Daaff's Magic Scroll Shop.
 43473 | Vaults:2 | Bought a scroll of brand weapon for 104 gold pieces
 43473 | Vaults:2 | Bought a scroll of enchant armour for 82 gold pieces
 43734 | Vaults:2 | Received a gift from Trog
 43735 | Vaults:2 | Reached skill level 10 in Evocations
 43782 | Vaults:2 | Found a transporter.
 43792 | Vaults:2 | Found a transporter.
 43957 | Vaults:2 | You fall into a shaft and drop 1 floor!
 44448 | Vaults:3 | Received a gift from Trog
 44673 | Vaults:3 | Identified the +6 falchion of Hyowokh {elec, Int+5 Stlth-}
 44967 | Vaults:3 | Reached skill level 26 in Fighting
 45011 | Vaults:3 | Noticed Frederick
 45021 | Vaults:3 | Killed Frederick
 45021 | Vaults:3 | Identified the +3 broad axe of Goupydos {heavy, rElec
                  | Str+4} (Trog gifted it to you on level 3 of the Vaults)
 45021 | Vaults:3 | Received a gift from Trog
 45066 | Vaults:3 | Identified the +3 broad axe "Emanac" {heavy, rN++ Str-4}
 45101 | Vaults:3 | Noticed a golden dragon
 45107 | Vaults:3 | Killed a golden dragon
 45163 | Vaults:3 | Reached XP level 22. HP: 199/228 MP: 22/22
 45758 | Vaults:3 | Found Uviorgh's Assorted Antiques.
 45905 | Vaults:4 | Noticed Margery
 45928 | Vaults:4 | Killed Margery
 46147 | Vaults:4 | Received a gift from Trog
 46761 | Vaults:4 | Identified the +9 war axe "Leti" {antimagic, Drain rC+
                  | Str+3} (Trog gifted it to you on level 4 of the Vaults)
 46761 | Vaults:4 | Received a gift from Trog
 47195 | Vaults:5 | Entered Level 5 of the Vaults
 47333 | Vaults:5 | Paralysed by a floating eye for 4 turns
 47513 | Vaults:5 | Noticed a golden dragon
 47520 | Vaults:5 | Identified the ring of Suimuer {rElec rF+ EV+5 Int+4 Dex-3}
 47889 | Vaults:5 | Identified the ring "Xoorix" {*Corrode MP+9 Dex+2 Stlth+}
 47891 | Vaults:5 | Noticed an ancient lich
 47892 | Vaults:5 | Received a gift from Trog
 47893 | Vaults:5 | Noticed a golden dragon
 48058 | Vaults:5 | Identified the +0 ring mail of Viny Birdsong {*Corrode
                  | rPois rF++ MP+9}
 48077 | Vaults:5 | Killed a golden dragon
 48078 | Vaults:5 | Reached XP level 23. HP: 189/236 MP: 23/23
 48450 | Vaults:5 | Noticed a dread lich
 48452 | Vaults:5 | Killed a dread lich
 48453 | Vaults:5 | Reached skill level 15 in Shields
 48453 | Vaults:5 | Noticed a golden dragon
 48462 | Vaults:5 | Identified the ring "Ciegoc" {Fire Dex+2}
 48466 | Vaults:4 | Killed a golden dragon
 48745 | Vaults:4 | Killed from afar by an ancient lich

Illustrated notes

Levels and vault maps discovered:
D:1:      dpeg_arrival_tiny_b, layout_loops_ring,
          chequers_ecumenical_altar_twisty, minmay_pentomino_p4
D:2:      layout_loops_ring, uniq_jessica
D:3:      layout_basic
D:4:      minmay_recursive_quarters, layout_basic, kennysheep_mini_moat,
          kennysheep_generic_room_10
D:5:      layout_cave_pods, mainiacjoe_overflow_surrounded_room
D:6:      layout_basic, lemuel_doored_altar, minmay_temple_entry_offerings,
          serial_shops, shop, nrook_campfire
D:7:      layout_gridville, lemuel_coloured_pillars_altar, serial_shops, shop,
          minivault_5
D:8:      layout_loops_corners, hellmonk_lair_entry_icy, serial_glass,
          glass_columns_b, glass_columns_b, glass_columns_b, glass_columns_c,
          glass_columns_c
D:9:      layout_basic, serial_shops, nicolae_shop_statue_plus, serial_demonic,
          serial_demonic_g, serial_demonic_c, serial_demonic_e,
          serial_demonic_g, serial_demonic_g, serial_demonic_b,
          kennysheep_opposing_triangles, uniq_joseph
D:10:     layout_cave_pools, nicolae_water_bricks
D:11:     layout_loops_cross, serial_shops, nicolae_shop_window_shopping,
          uniq_psyche
D:12:     layout_basic, orc_0_dummy, serial_shops,
          nicolae_shop_temple_entry_statues_fountains, uniq_josephine
D:13:     layout_rooms
D:14:     layout_basic, david_vaults_1, enter_trove_3, fedhas_altar_4,
          dancing_weapons_uskayaw, uniq_agnes
D:15:     grunt_enter_depths_giant_problem, layout_irregular_city,
          nicolae_elyvilon_peaceful_grove, nicolae_sif_muna_little_library
Lair:1:   layout_roguey, serial_bayou_shore_a
Lair:2:   layout_layer_cave, minmay_shoals_entry_centaurs,
          gauntlet_entry_generic
Lair:3:   layout_cave_shapes, spider_nest_entry_funnel_web
Lair:4:   layout_concentric_octagons, dpeg_slime_entry_enclosed
Lair:5:   hangedman_lair_tendril_chambers, layout_cave_pods, wormcave,
          lemuel_fruit_fields, serial_bayou_shore_b
Shoals:1: layout_shoals, serial_shops, shop, serial_nicolae_subway,
          nicolae_sub_station_metal, nicolae_sub_station_stone,
          nicolae_sub_station_crystal, uniq_aizul
Shoals:2: layout_shoals, portal_ice_cave_entry_pillars_four, serial_shops,
          nicolae_shop_advertising_works [nicolae_subvault_shop_adworks],
          nicolae_specific_store
Shoals:3: layout_shoals, serial_shops, nicolae_shop_behind_doors, uniq_kirke
Shoals:4: shoals_end_grunt_ice, layout_shoals
Spider:1: layout_spider_delve
Spider:2: spiders_nest_scorpion_pit, nicolae_spider_rock_and_or_roll
Spider:3: layout_chambers, uniq_asterion, uniq_mlioglotl
Spider:4: spider_rune_water
Orc:1:    layout_caves
Orc:2:    st_orc_pillars, layout_diamond_mine, basic_altar, uniq_snorg
Elf:1:    layout_geoelf_octagon, hangedman_elf_represent
Elf:2:    nicolae_elf_blades_crystal_corner, layout_geoelf_octagon,
          serial_shops, nicolae_diamond_shop, st_stairs_5, feat_on_display,
          uniq_roxanne
Elf:3:    grunt_elf_hall_asides, layout_geoelf_diagonals, serial_shops,
          nicolae_shop_trees
Vaults:1: hangedman_vaults_trim, v_alt_pattern_3, vaults_room_fancy_cross,
          vaults_mumra_chevron, hangedman_vaults_nails,
          grunt_vaults_hallway_short, grunt_vaults_focal,
          layout_vaults_omnigrid, serial_shops, shop_fountains, uniq_donald
Vaults:2: nicolae_vaults_network_s, minmay_crypt_entry_simple_walls,
          nicolae_vaults_network_quincunx
          [nicolae_vaults_network_quincunx_subvault,
          nicolae_vaults_network_quincunx_subvault,
          nicolae_vaults_network_quincunx_subvault,
          nicolae_vaults_network_quincunx_subvault,
          nicolae_vaults_network_quincunx_subvault], gammafunk_sealed_arena,
          ontoclasm_vaults_chip, hangedman_vaults_snaps, nicolae_vaults_theta,
          hangedman_vaults_maws, nicolae_vaults_mini_display_case,
          layout_vaults_omnicross, serial_shops, nicolae_shop_statue_plus,
          uniq_jory
Vaults:3: v_rooms_4, v_misc_1, st_octagons_1, nicolae_vaults_twisting_passages,
          grunt_vaults_diagonal, nicolae_vaults_puzzle_piece,
          ontoclasm_vaults_fault, v_misc_29, hangedman_vaults_nails,
          ontoclasm_vaults_decontamination, ontoclasm_vaults_bender,
          layout_vaults_maze_bifur, serial_shops, nicolae_shop_crystal,
          uniq_frederick
Vaults:4: vaults_standard_mumra_enter_the_diamond, v_pattern_3,
          nicolae_vaults_network_periphery, hangedman_vaults_slice,
          vaults_standard_mumra_enter_the_diamond, dpeg_vaults_monster_box,
          vaults_dpeg_spiral, nicolae_vaults_big_angled_halls,
          vaults_room_door_ring, nicolae_vaults_rhombus_7,
          hangedman_vaults_stretched_pinwheel, sword_in_stone,
          ontoclasm_vaults_shuriken, ontoclasm_vaults_twist, layout_vaults_ring,
          uniq_margery
Vaults:5: serial_shops
Depths:1: layout_cave_pools, enter_ziggurat_f, hangedman_coc_ice_floe,
          serial_bayou_pond_b, abyss_entry, rand_demon_pan_entry_4,
          minmay_fractal_squares_diagonal_5, minmay_shoptagon

Skill      XL: |  1  2  3  4  5  6  7  8  9 10 11 12 13 14 15 16 17 18 19 20 21 22 23 |
---------------+----------------------------------------------------------------------+-----
Fighting       | 4 5 6 8 9 12 14 16 19 21 22 23 24 25 26 | 26.0
Axes           | 5 6 7 8 11 14 16 17 18 19 20 21 23 | 23.9
Dodging        | 2 3 5 |  5.0
Armour         | 3 4 10 13 15 17 19 20 21 23 24 | 24.3
Throwing       | 4 7 8 |  8.0
Shields        | 4 5 7 9 10 11 12 14 15 | 15.0
Evocations     | 1 5 6 8 9 10 | 10.0

Action                     |  1- 3 |  4- 6 |  7- 9 | 10-12 | 13-15 | 16-18 | 19-21 | 22-24 || total
---------------------------+-------+-------+-------+-------+-------+-------+-------+-------++-------
  Melee: Hand axe          |    63 |   124 |   299 |       |       |       |       |       ||   486
         Punch             |       |     2 |     6 |     3 |       |       |       |       ||    11
         War axe           |       |       |    43 |   435 |  1060 |       |       |       ||  1538
         Broad axe         |       |       |       |       |   118 |  1388 |  1244 |   344 ||  3094
         Unarmed           |       |       |       |       |       |     4 |       |       ||     4
  Throw: Javelin           |       |     2 |     8 |    11 |    14 |       |       |       ||    35
         Dart              |       |     1 |     3 |       |       |       |       |       ||     4
         Boomerang         |       |       |       |       |     1 |       |       |       ||     1
 Invoke: Berserk           |       |       |       |     1 |    19 |     7 |     1 |       ||    28
         Trog's Hand       |       |       |       |       |    14 |    12 |     7 |     3 ||    36
         Brothers in Arms  |       |       |       |       |     2 |     3 |     1 |     2 ||     8
Ability: Evoke Blink       |       |       |       |     1 |     2 |       |       |       ||     3
  Evoke: Wand              |       |       |       |       |     7 |       |       |       ||     7
    Use: Scroll            |     3 |     8 |     5 |    10 |    17 |     2 |    11 |     2 ||    58
         Potion            |       |       |       |       |     5 |     2 |     1 |     7 ||    15
   Stab: Distracted        |       |       |       |       |       |       |       |     1 ||     1
         Invisible         |       |       |       |       |       |       |       |     1 ||     1
 Armour: Animal skin       |    13 |       |       |       |       |       |       |       ||    13
         Plate armour      |       |    60 |       |       |    74 |   877 |   775 |   439 ||  2225
         Robe              |       |       |     4 |       |       |       |       |       ||     4
         Ring mail         |       |       |    91 |       |       |       |       |       ||    91
         Leather armour    |       |       |     7 |    50 |       |       |       |       ||    57
         Scale mail        |       |       |       |   116 |   465 |   202 |       |       ||   783
  Dodge: Dodged            |    40 |    33 |   143 |   183 |   420 |   541 |   324 |   158 ||  1842
  Block: Buckler           |       |       |       |    80 |   307 |   252 |       |       ||   639
         Kite shield       |       |       |       |       |       |   239 |   561 |   300 ||  1100
         Reflection        |       |       |       |       |       |       |    13 |    32 ||    45

Table legend: (Time is in decaauts)
 A = Elapsed time spent in this place.
 B = Non-inter-level travel time spent in this place.
 C = Inter-level travel time spent in this place.
 D = Time resting spent in this place.
 E = Time spent auto-exploring this place.
 F = Levels seen in this place.
 G = Mean time per level.
                   A        B        C        D        E       F      G
               +--------+--------+--------+--------+--------+-----+--------+
         Total |  48529 |  45220 |   3309 |   8926 |  25437 |  41 | 1183.6 |
       Dungeon |  15122 |  13921 |   1201 |   1618 |   9593 |  15 | 1008.1 |
          Lair |   7435 |   6585 |    850 |   1138 |   4137 |   5 | 1487.0 |
        Shoals |   4937 |   4721 |    216 |   1032 |   2304 |   4 | 1234.2 |
   Spider Nest |   6209 |   5632 |    577 |   1253 |   2918 |   4 | 1552.2 |
  Orcish Mines |   1999 |   1784 |    215 |    597 |    695 |   2 |  999.5 |
   Elven Halls |   4370 |   4243 |    127 |    951 |   1915 |   3 | 1456.7 |
        Vaults |   7565 |   7445 |    120 |   2232 |   3479 |   5 | 1513.0 |
        Depths |      6 |      6 |      0 |      0 |      0 |   1 |    6.0 |
         Abyss |     14 |     14 |      0 |      0 |      0 |   1 |   14.0 |
      Ice Cave |    868 |    868 |      0 |    104 |    393 |   1 |  868.0 |
               +--------+--------+--------+--------+--------+-----+--------+

Top non-repeatable levels by time:
Vaults:4: 2487 daAuts
  Lair:5: 2480 daAuts
Spider:2: 2214 daAuts
Vaults:1: 1945 daAuts
   Elf:3: 1882 daAuts
     D:6: 1707 daAuts
  Lair:2: 1603 daAuts
Spider:3: 1591 daAuts
Vaults:3: 1584 daAuts
   Elf:2: 1548 daAuts
Shoals:3: 1449 daAuts
    D:14: 1390 daAuts
    D:12: 1367 daAuts
Spider:4: 1305 daAuts
  Lair:3: 1280 daAuts
